 Dungeon Crawl Stone Soup version 0.28-a0-514-g0d7ab7f379 (webtiles) character file.

Game seed: 13041615945475661292

795 wakim the Cudgeller (level 7, -14/88 HPs)
             Began as a Palentonga Berserker on Sept 22, 2021.
             Was a Priest of Trog.
             Demolished by an orc warrior (16 damage)
             ... on level 6 of the Dungeon.
             The game lasted 00:13:18 (4959 turns).

wakim the Cudgeller (Palentonga Berserker)          Turns: 4959, Time: 00:13:18

Health: -14/88     AC: 17    Str: 22    XL:     7   Next: 58%
Magic:  7/7        EV:  9    Int:  7    God:    Trog [***...]
Gold:   316        SH:  0    Dex: 10    Spells: 6/6 levels left

rFire   . . .      SeeInvis +   a - +0 whip (elec)
rCold   . . .      Faith    .   (no shield)
rNeg    . . .      Spirit   .   i - +1 leather armour of Pride {Drain Fly Will- Regen+}
rPois   .          Reflect  .   (no helmet)
rElec   .          Harm     .   (no cloak)
rCorr   .          Rampage  .   n - +0 pair of gloves
Will    .....                   (no barding)
Stlth   ..........              (no amulet)
HPRegen 1.24/turn               h - ring of flight
MPRegen 0.10/turn               q - +4 ring of protection

@: berserking, flying, curled up, very quick
A: large, rugged brown scales 3, see invisible, deformed body, roll 1, armoured
tail, reflexive curl
a: Rolling Charge, Renounce Religion, Berserk, Trog's Hand


You were on level 6 of the Dungeon.
You worshipped Trog.
Trog was most pleased with you.
You visited 1 branch of the dungeon, and saw 6 of its levels.

You collected 316 gold pieces.

Inventory:

Hand Weapons
 a - a +0 whip of electrocution (weapon)
 b - the +9 dagger "Fuiruch" {speed, rPois Dex+4 Stlth+}
   (You found it on level 5 of the Dungeon)

   Attacks with this weapon are significantly faster.
   Dex:       It affects your dexterity (+4).
   rPois:     It protects you from poison.
   Stlth:     It makes you more stealthy.
 c - a +0 flail
 d - the +6 hunting sling "Pampaot" {freeze, rC- rN+++ MP-9 SInv}
   (You found it on level 5 of the Dungeon)

   Any ammunition fired from it freezes those it strikes, dealing additional
   cold damage.
   It can also slow down cold-blooded creatures.
   rC:        It makes you vulnerable to cold.
   rN:        It renders you almost immune to negative energy.
   MP:        It affects your magic capacity (-9).
   SInv:      It lets you see invisible.
Missiles
 e - 9 boomerangs
 g - 2 throwing nets {=f!f}
 r - 19 sling bullets
Armour
 i - the +1 leather armour of Pride (worn) {Drain Fly Will- Regen+}
   (You found it on level 5 of the Dungeon)

   Fly:       It grants you flight.
   Regen:     It increases your rate of health regeneration.
   Drain:     It drains your maximum health when unequipped.
   Will:      It decreases your willpower.
 k - a +0 plate armour
 n - a +0 pair of gloves (worn)
Jewellery
 h - a ring of flight (left hand)
 q - a +4 ring of protection (right hand)
Wands
 v - a wand of flame (13)
 x - a wand of charming (7)
Scrolls
 j - a scroll of fog {unknown}
 l - 3 scrolls of identify {unknown}
 m - a scroll of fear {unknown}
 p - a scroll of acquirement {unknown}
Potions
 f - 2 potions of degeneration {unknown}
 o - a potion of flight {unknown}
 s - 2 potions of ambrosia {unknown}


   Skills:
 + Level 5.6 Fighting
 * Level 1.1 Short Blades
 - Level 7.3 Maces & Flails
 + Level 1.8 Armour
 + Level 1.8 Dodging


You had 6 spell levels left.
You didn't know any spells.
Your spell library was empty.

Dungeon Overview and Level Annotations

Branches:
Dungeon (6/15)             Temple (0/1) D:6

Altars:
Gozag
Hepliaklqana
Zin


Innate Abilities, Weirdness & Mutations

You are completely covered in rugged brown scales. (AC +3, +7% HP)
You have supernaturally acute eyesight. (SInv)
Armour fits poorly on your strangely shaped body.
You can roll at nearby foes to attack.
You have a long armoured tail.
You curl defensively after being hit.


Message History

The orc warrior is lightly wounded.
You barely miss the orc warrior.
You tail-slap the orc warrior, but do no damage.
The orc warrior is lightly wounded.
The orc warrior hits you with a +0 dire flail.
You hit the orc warrior but do no damage.
The orc warrior is lightly wounded.
The orc warrior hits you with a +0 dire flail!
You hit the orc warrior but do no damage.
You tail-slap the orc warrior, but do no damage.
The orc warrior is lightly wounded.
You hit the orc warrior but do no damage.
Lightning courses through the orc warrior!
You tail-slap the orc warrior, but do no damage.
The orc warrior is heavily wounded.
The orc warrior hits you with a +0 dire flail!
* * * LOW HITPOINT WARNING * * *
You hit the orc warrior but do no damage.
The orc warrior is heavily wounded.
The orc warrior barely misses you.
You hit the orc warrior but do no damage.
You tail-slap the orc warrior.
The orc warrior is heavily wounded.
The orc warrior barely misses you.
You hit the orc warrior but do no damage.
Your tail-slap misses the orc warrior.
The orc warrior is heavily wounded.
You hit the orc warrior.
You tail-slap the orc warrior, but do no damage.
The orc warrior is severely wounded.
The orc warrior hits you with a +0 dire flail!!
* * * LOW HITPOINT WARNING * * *
A red film seems to cover your vision as you go berserk!
You feel yourself moving faster!
You feel mighty!
The orc warrior hits you with a +0 dire flail!
* * * LOW HITPOINT WARNING * * *
You closely miss the orc warrior.
The orc warrior is severely wounded.
The orc warrior hits you with a +0 dire flail!
You die...

.#.# #.. ...##
...##.###....... #
#....##.....>.. ##.
#....##........ ##..#
#.#.)#.........
#....###....o........
#...#..)#..........
#..)o)#...).......
##.>@#####........
#.....#....#......
#...#...#..##......
#....###....# .....
##..# #.#...# #...
##.. #....## ..
....#....# #
.........## ####
#.......####..###


You could see an orc warrior.

Vanquished Creatures
  Sigmund (D:3)
  An ogre (D:4)
  Blork the orc (D:4)
  A wyvern skeleton (D:5)
  An orc priest (D:6)
  2 hounds
  A bullfrog skeleton (D:5)
  A centaur skeleton (D:4)
  2 iguanas
  An orc wizard (D:6)
  A howler monkey zombie (D:6)
  3 gnolls (D:3)
  7 adders
  An adder zombie (D:5)
  2 worms
  3 dart slugs
  6 orcs
  7 endoplasms
  8 goblins
  7 hobgoblins
  4 jackals (D:1)
  A quokka (D:1)
  10 ball pythons
  2 bats
  6 frilled lizards
  6 kobolds
  5 rats
91 creatures vanquished.

Notes
Turn   | Place    | Note
-------+----------+-------------------------------------------
     0 | D:1      | wakim the Palentonga Berserker began the quest for the Orb.
     0 | D:1      | Reached XP level 1. HP: 19/19 MP: 1/1
   258 | D:1      | Reached XP level 2. HP: 25/25 MP: 2/2
  1088 | D:1      | Found a faded altar of an unknown god.
  1111 | D:2      | Reached XP level 3. HP: 31/31 MP: 3/3
  1122 | D:2      | Reached ** piety under Trog
  1126 | D:2      | Reached skill level 4 in Maces & Flails
  2186 | D:3      | Reached XP level 4. HP: 39/39 MP: 4/4
  2449 | D:3      | Reached skill level 5 in Maces & Flails
  2449 | D:3      | Reached XP level 5. HP: 36/44 MP: 5/5
  3021 | D:3      | Noticed Sigmund
  3032 | D:3      | Killed Sigmund
  3033 | D:3      | Reached skill level 6 in Maces & Flails
  3033 | D:3      | Reached XP level 6. HP: 52/52 MP: 6/6
  3174 | D:4      | Noticed Blork the orc
  3180 | D:4      | Killed Blork the orc
  3509 | D:4      | Reached skill level 5 in Fighting
  3629 | D:4      | Reached *** piety under Trog
  3946 | D:4      | Gained mutation: You curl defensively after being hit.
                  | [Palentonga growth]
  3946 | D:4      | Reached XP level 7. HP: 59/59 MP: 7/7
  4010 | D:5      | Entered Level 5 of the Dungeon
  4018 | D:5      | Reached skill level 7 in Maces & Flails
  4245 | D:5      | Identified the +6 hunting sling "Pampaot" {freeze, rC-
                  | rN+++ MP-9 SInv}
  4266 | D:5      | Identified the +1 leather armour of Pride {Drain Fly Will-
                  | Regen+}
  4527 | D:5      | Identified the +9 dagger "Fuiruch" {speed, rPois Dex+4
                  | Stlth+}
  4699 | D:5      | Found a glowing silver altar of Zin.
  4700 | D:5      | Found an opulent altar of Gozag.
  4894 | D:6      | Found a hazy altar of Hepliaklqana.
  4920 | D:6      | Found a staircase to the Ecumenical Temple.
  4926 | D:6      | Reached skill level 1 in Short Blades
  4958 | D:6      | HP: 2/88 [orc warrior (16)]
  4959 | D:6      | Demolished by an orc warrior

Illustrated notes

Levels and vault maps discovered:
D:1:      tarquinn_simple_flora_water_d, layout_basic,
          shapermc_ecumenical_altar_mp_vishouse
D:2:      layout_basic
D:3:      layout_loops_corners, uniq_sigmund
D:4:      layout_basic, grunt_decor_junction, uniq_blork_the_orc
D:5:      layout_basic, grunt_temple_overflow_gold_and_silver
D:6:      layout_cave_pods, cheibrodos_worm_habitat,
          lemuel_coloured_pillars_altar, minmay_temple_entry_arrows,
          serial_glass, glass_columns_a, glass_columns_c, portal_sewer_entry_f,
          uniq_duvessa

Skill      XL: |  1  2  3  4  5  6  7 |
---------------+----------------------+-----
Maces & Flails | 4 5 6 7 |  7.3
Fighting       | 4 5 |  5.6
Short Blades   | 1 |  1.1
Armour         | |  1.8
Dodging        | |  1.8

Action                   |  1- 3 |  4- 6 |  7- 9 || total
-------------------------+-------+-------+-------++-------
Melee: Mace              |    93 |    90 |     6 ||   189
       Tailslap          |    12 |     7 |    13 ||    32
       Dagger            |       |       |    29 ||    29
       Whip              |       |       |    22 ||    22
Invok: Berserk           |       |     3 |     1 ||     4
 Abil: Rolling Charge    |    22 |    32 |     8 ||    62
  Use: Scroll            |     3 |       |       ||     3
 Stab: Sleeping          |       |     1 |       ||     1
Armor: Animal skin       |    32 |    10 |       ||    42
       Robe              |       |     8 |     1 ||     9
       Leather armour    |       |       |    17 ||    17
Dodge: Dodged            |    31 |    31 |    14 ||    76

Table legend: (Time is in decaauts)
 A = Elapsed time spent in this place.
 B = Non-inter-level travel time spent in this place.
 C = Inter-level travel time spent in this place.
 D = Time resting spent in this place.
 E = Time spent auto-exploring this place.
 F = Levels seen in this place.
 G = Mean time per level.
                   A        B        C        D        E       F      G
               +--------+--------+--------+--------+--------+-----+--------+
         Total |   5003 |   4767 |    236 |     47 |   4101 |   6 |  833.8 |
       Dungeon |   5003 |   4767 |    236 |     47 |   4101 |   6 |  833.8 |
               +--------+--------+--------+--------+--------+-----+--------+

Top non-repeatable levels by time:
     D:3: 1166 daAuts
     D:1: 1115 daAuts
     D:2: 1054 daAuts
     D:5: 849 daAuts
     D:4: 734 daAuts
     D:6: 82 daAuts
